 Dungeon Crawl Stone Soup version 0.26-a0-672-g1df16c3386 (webtiles) character file.

Game seed: 9114616331117278722

968 marklar909 the Cudgeler (level 8, 0/62 HPs)
             Began as a Formicid Abyssal Knight on Oct 20, 2020.
             Was a Believer of Lugonu.
             Slain by a gnoll sergeant
             ... wielding a +0 trident
              (14 damage)
             ... on level 5 of the Dungeon.
             The game lasted 00:10:02 (6124 turns).

marklar909 the Cudgeler (Formicid Abyssal Knight)   Turns: 6124, Time: 00:10:03

Health: 0/62       AC:  9    Str: 19    XL:     8   Next: 38%
Magic:  9/9        EV: 10    Int: 12    God:    Lugonu [**....]
Gold:   244        SH:  5    Dex: 10    Spells: 7/7 levels left

rFire    . . .     SeeInvis +   w - +1 flail
rCold    . . .     Faith    .   (no shield)
rNeg     . . .     Spirit   .   n - +0 scale mail
rPois    .         Reflect  +   (helmet unavailable)
rElec    .         Harm     .   t - +1 cloak
rCorr    .         Rampage  .   (no gloves)
MR       .....                  (no boots)
Stlth    ..........             h - amulet of reflection
HPRegen  0.20/turn              (no ring)
MPRegen  0.11/turn              (no ring)

@: no status effects
A: permanent stasis, dig shafts and tunnels, four strong arms, antennae 3
a: Dig, Shaft Self, Depart the Abyss, Bend Space, Renounce Religion


You were on level 5 of the Dungeon.
You worshipped Lugonu.
Lugonu was pleased with you.
You visited 1 branch of the dungeon, and saw 5 of its levels.
You visited the Abyss 1 time.

You collected 244 gold pieces.

Inventory:

Hand Weapons
 w - a +1 flail (weapon)
Missiles
 b - 11 poisoned darts (quivered)
Armour
 n - a +0 scale mail (worn)
 t - a +1 cloak (worn)
Jewellery
 h - an amulet of reflection (around neck)
Wands
 j - a wand of digging (5)
Scrolls
 d - 6 scrolls of remove curse
 f - a scroll of fog {unknown}
 k - a scroll of identify
 m - a scroll of amnesia
Potions
 a - a potion of cancellation
 c - a potion of mutation
 e - a potion of heal wounds
 g - a potion of lignification
 i - a potion of curing
 l - a potion of degeneration {unknown}
 q - a potion of haste {unknown}
 r - a potion of invisibility {unknown}
 s - 3 potions of might {unknown}
 u - a potion of flight {unknown}


   Skills:
 + Level 5.3 Fighting
 + Level 5.4 Maces & Flails
 + Level 3.7 Throwing
 + Level 4.9 Armour
 + Level 2.5 Dodging
 + Level 0.3 Stealth
 + Level 2.3 Invocations


You had 7 spell levels left.
You didn't know any spells.
Your spell library was empty.

Dungeon Overview and Level Annotations

Branches:
Dungeon (5/15)
 Temple: D:4-7

Altars:
Dithmenos
Makhleb
Nemelex Xobeh
Okawaru
Qazlal
Trog
Uskayaw
The Shining One

Shops:
D:5 :


Innate Abilities, Weirdness & Mutations

You cannot be hasted, slowed, berserked, paralysed or teleported.
You can dig through walls and to a lower floor.
Your four strong arms can wield two-handed weapons with a shield.
You have a pair of large antennae on your head. (SInv)


Message History

The gnoll sergeant hits you but does no damage.
You hit the gnoll sergeant.
The gnoll sergeant is moderately wounded.
The gnoll sergeant hits you with a +0 trident!
* * * LOW HITPOINT WARNING * * *
You hit the gnoll sergeant but do no damage.
The gnoll sergeant is moderately wounded.
The gnoll sergeant barely misses you.
You feel better. You block the gnoll sergeant's attack.
You sock the gnoll sergeant!
The gnoll sergeant is severely wounded.
The gnoll sergeant hits you with a +0 trident.
* * * LOW HITPOINT WARNING * * *
You hit the gnoll sergeant.
The gnoll sergeant is almost dead.
The gnoll sergeant closely misses you.
You barely miss the gnoll sergeant.
The gnoll sergeant is almost dead.
The gnoll sergeant hits you with a +0 trident!
You die...

#.....≈......##{#
#............##.#
#.###....##..##.##
#........##......## ####
##......#####.##..###
##(.#
##......###..#.###..##
#...#
##.......##..###{###..##
##...#
#.......##.####g##
##..## #....#
####......## ##@#
###.###....## ######..##
### ##..#.....#
##.......# ##.......#
..#####..# ##......# ###
##.# ##...### ### ##.##
###


You could see a gnoll sergeant.

Vanquished Creatures
  Menkaure (D:5)
  A water moccasin (D:5)
  An ogre (D:3)
  A centaur (D:5)
  A bullfrog (D:4)
  A scorpion (D:4)
  3 howler monkeys
  A jelly (D:5)
  An orc priest (D:5)
  An iguana (D:4)
  3 worker ants
  A gnoll (D:5)
  3 river rats (D:5)
  4 adders
  A shadow imp (D:5)
  An ooze (D:3)
  8 worms
  3 dart slugs
  4 leopard geckos
  6 orcs
  4 giant cockroaches
  8 goblins
  9 hobgoblins
  4 jackals (D:3)
  5 kobolds
  2 quokkas
  A ball python (D:3)
  5 bats
  A frilled lizard (D:1)
  A jackal skeleton (D:3)
  A quokka skeleton (D:5)
  7 rats
94 creatures vanquished.

Vanquished Creatures (others)
  A plant (D:3)
1 creature vanquished.

Grand Total: 95 creatures vanquished

Notes
Turn   | Place    | Note
-------+----------+-------------------------------------------
     0 | Abyss:1  | marklar909 the Formicid Abyssal Knight began the quest for
                  | the Orb.
     0 | Abyss:1  | Reached XP level 1. HP: 18/18 MP: 2/2
    97 | Abyss:2  | Noticed a wretched star
    98 | D:1      | Escaped the Abyss
   498 | D:1      | Reached XP level 2. HP: 18/24 MP: 3/3
   747 | D:1      | Reached skill level 1 in Dodging
  1406 | D:2      | Reached XP level 3. HP: 26/30 MP: 4/4
  1458 | D:2      | You fall into a shaft and drop 1 floor!
  2206 | D:3      | Reached * piety under Lugonu
  2248 | D:3      | Noticed an ogre
  2545 | D:2      | Reached XP level 4. HP: 37/37 MP: 5/5
  2671 | D:2      | Reached skill level 1 in Throwing
  3041 | D:3      | Reached XP level 5. HP: 35/42 MP: 6/6
  3668 | D:3      | Killed an ogre
  3668 | D:3      | Reached XP level 6. HP: 7/49 MP: 7/7
  4960 | D:4      | Reached XP level 7. HP: 55/55 MP: 8/8
  5133 | D:5      | Entered Level 5 of the Dungeon
  5561 | D:5      | Noticed a water moccasin
  5572 | D:5      | Killed a water moccasin
  5572 | D:5      | Reached skill level 5 in Fighting
  5602 | D:5      | Reached ** piety under Lugonu
  5636 | D:5      | Reached XP level 8. HP: 60/62 MP: 9/9
  5682 | D:5      | Found a glowing drain.
  5822 | D:5      | Noticed Menkaure
  5829 | D:5      | Killed Menkaure
  5829 | D:5      | Reached skill level 5 in Maces & Flails
  6005 | D:5      | Found Weonilir's Book Shop.
  6045 | D:5      | Found a hide-covered altar of Uskayaw.
  6046 | D:5      | Found a shadowy altar of Dithmenos.
  6048 | D:5      | Found a glowing golden altar of the Shining One.
  6048 | D:5      | Found a burning altar of Makhleb.
  6048 | D:5      | Found a sparkling altar of Nemelex Xobeh.
  6052 | D:5      | Found a bloodstained altar of Trog.
  6052 | D:5      | Found a stormy altar of Qazlal.
  6053 | D:5      | Found an iron altar of Okawaru.
  6124 | D:5      | Slain by a gnoll sergeant

Illustrated notes

Levels and vault maps discovered:
D:1:      dpeg_arrival_stone_temple_mockup, layout_basic, serial_curves,
          eino_curves_04, eino_curves_04, chequers_serial_rivers_large_a
D:2:      layout_rooms
D:3:      cheibrodos_old_hovel, layout_loops_cross
D:4:      layout_cave_pools
D:5:      layout_cave_pods, grunt_temple_overflow_open, serial_shops,
          nicolae_shop_window_shopping, lightli_sewer_entry_pipes,
          minmay_misc_feat_ornament, hangedman_decor_slide_cut, uniq_pikel,
          uniq_menkaure

Skill      XL: |  1  2  3  4  5  6  7  8 |
---------------+-------------------------+-----
Dodging        | 1 2 |  2.5
Fighting       | 4 5 |  5.3
Throwing       | 1 2 3 |  3.7
Maces & Flails | 3 4 5 |  5.4
Armour         | 3 4 |  4.9
Stealth        | |  0.3
Invocations    | |  2.3

Action                   |  1- 3 |  4- 6 |  7- 9 || total
-------------------------+-------+-------+-------++-------
Melee: Mace              |    96 |    71 |       ||   167
       Flail             |       |    77 |   133 ||   210
Throw: Dart              |    30 |    50 |    23 ||   103
Invok: Depart the Abyss  |     1 |       |       ||     1
 Abil: Shaft Self        |     1 |       |       ||     1
       Dig               |       |       |     1 ||     1
  Use: Scroll            |     2 |     8 |     5 ||    15
       Potion            |       |       |     2 ||     2
Armor: Leather armour    |    17 |       |       ||    17
       Scale mail        |    32 |    63 |    41 ||   136
Dodge: Dodged            |    61 |    72 |    57 ||   190
Block: Other             |    17 |    46 |    21 ||    84
       Reflection        |       |       |     1 ||     1

Table legend: (Time is in decaauts)
 A = Elapsed time spent in this place.
 B = Non-inter-level travel time spent in this place.
 C = Inter-level travel time spent in this place.
 D = Time resting spent in this place.
 E = Time spent auto-exploring this place.
 F = Levels seen in this place.
 G = Mean time per level.
                   A        B        C        D        E       F      G
               +--------+--------+--------+--------+--------+-----+--------+
         Total |   6253 |   6122 |    131 |   1220 |   3602 |   7 |  893.3 |
       Dungeon |   6155 |   6024 |    131 |   1220 |   3602 |   5 | 1231.0 |
         Abyss |     97 |     97 |      0 |      0 |      0 |   2 |   48.5 |
               +--------+--------+--------+--------+--------+-----+--------+

Top non-repeatable levels by time:
     D:3: 2165 daAuts
     D:1: 1309 daAuts
     D:5: 942 daAuts
     D:4: 901 daAuts
     D:2: 835 daAuts
 Abyss:2: 63 daAuts
 Abyss:1: 34 daAuts
